 Dungeon Crawl Stone Soup version 0.20.1-1-g8b1a95d (webtiles) character file.

11680 Monsterracer the Cleaver (level 11, -1/101 HPs)
             Began as a Hill Orc Necromancer on Aug 20, 2017.
             Was a Priest of Cheibriados.
             Slain by a salamander
             ... wielding a +0 halberd
              (5 damage)
             ... in a volcano.
             The game lasted 00:36:53 (15297 turns).

Monsterracer the Cleaver (Hill Orc Necromancer)    Turns: 15297, Time: 00:36:54

Health: -1/101     AC: 17    Str: 25    XL:     11   Next: 81%
Magic:  4/15       EV: 15    Int: 29    God:    Cheibriados [***...]
Gold:   793        SH:  0    Dex: 19    Spells: 1/16 levels left

rFire    + . .     SeeInvis .   a - +3 broad axe (chop)
rCold    x . .     Gourm    .   (no shield)
rNeg     . . .     Faith    .   B - +3 leather armour
rPois    .         Spirit   .   K - +2 hat {Int+3}
rElec    .         Reflect  .   w - +2 cloak
rCorr    +         Harm     .   I - +1 pair of gloves
MR       .....                  G - +2 pair of boots
Stlth    ++........             n - amulet of magic regeneration
Regen    0.3/turn               v - ring of resist corrosion
MPRegen  0.3/turn               g - ring of fire

@: mighty, very slow
A: no striking features
a: Bend Time, Temporal Distortion, Renounce Religion


You were in a volcano.
You worshipped Cheibriados.
Cheibriados was most pleased with you.
You were near starving.

You visited 3 branches of the dungeon, and saw 12 of its levels.
You also visited: Volcano.

You collected 793 gold pieces.

Inventory:

Hand Weapons
 a - a +3 broad axe of chopping (weapon)
 b - the +9 spear of Ithruony {holy, rF- SInv Stlth+}
   (You found it on level 8 of the Dungeon)

   It has been blessed by the Shining One to cause great damage to the undead
   and demons.
   It makes you vulnerable to fire.
   It lets you see invisible.
   It makes you more stealthy.
Missiles
 o - 2 throwing nets (quivered)
Armour
 i - a +2 helmet
 m - a +0 scale mail
 w - a +2 cloak (worn)
 B - a +3 leather armour (worn)
 G - a +2 pair of boots (worn)
 I - a +1 pair of gloves (worn)
 K - a +2 hat of intelligence (worn)
Jewellery
 g - a ring of fire (right hand)
 n - an amulet of magic regeneration (around neck)
 t - an uncursed ring of positive energy
 v - a ring of resist corrosion (left hand)
Wands
 r - a wand of lightning (8/15)
 C - a wand of digging (15/24)
Scrolls
 e - 7 scrolls of teleportation
 h - 2 scrolls of blinking
 j - 11 scrolls of remove curse
 k - 3 scrolls of fog
 q - a scroll of fear
 H - 2 scrolls of amnesia
Potions
 f - 2 potions of brilliance
 l - a potion of might
 p - 2 potions of resistance
 s - a potion of berserk rage {unknown}
 u - 5 potions of flight
 x - a potion of lignification {unknown}
 z - a potion of ambrosia {unknown}
 D - 2 potions of curing
 J - 2 potions of magic
 L - 2 potions of agility {unknown}
Books
 y - a book of Flames

   Spells                             Type                      Level
   a - Flame Tongue                   Conjuration/Fire             1
   b - Throw Flame                    Conjuration/Fire             2
   c - Conjure Flame                  Conjuration/Fire             3
   d - Inner Flame                    Hexes/Fire                   3
   e - Sticky Flame                   Conjuration/Fire             4
   f - Fireball                       Conjuration/Fire             5
Miscellaneous
 d - a phantom mirror
Comestibles
 c - 10 bread rations
 A - 3 royal jellies
 E - 4 meat rations


   Skills:
 * Level 10.7 Fighting
 * Level 12.6 Axes
 + Level 6.1 Armour
 + Level 4.9 Dodging
 - Level 1.5 Stealth
 + Level 3.2 Spellcasting
 - Level 3.0 Conjurations
 - Level 7.1 Necromancy
 - Level 3.0 Fire Magic
 + Level 6.5 Invocations


You had one spell level left.
You knew the following spells:

 Your Spells              Type           Power        Failure   Level  Hunger
a - Pain                  Necr           ####         1%          1    None
b - Conjure Flame         Conj/Fire      ####....     7%          3    ##.....
c - Vampiric Draining     Necr           #####.....   1%          3    ##.....
d - Regeneration          Chrm/Necr      ####......   6%          3    ##.....
e - Animate Dead          Necr           N/A          4%          4    ####...
f - Flame Tongue          Conj/Fire      ####.        2%          1    None


Dungeon Overview and Level Annotations

Branches:
Dungeon (10/15)            Temple (1/1) D:6            Lair (1/6) D:10
    Orc (0/2) D:10

Altars:
Ashenzari
Cheibriados
Dithmenos
Elyvilon
Fedhas
Gozag
Hepliaklqana
Kikubaaqudgha
Makhleb
Nemelex Xobeh
Okawaru
Qazlal
Ru
Sif Muna
Trog
Uskayaw
Vehumet
Xom
Yredelemnul
Zin
The Shining One

Shops:
D:6 (


Message History

Huge Dmg: -9%(-9hp) hp: 5%(5hp)
You slash the salamander!
You kill the salamander!
Cheibriados thoroughly appreciates the change of pace.
A salamander comes into view. It is wielding a halberd.
Okay, then.
Your skin stops crawling.
Press: ? - help, v - describe, . - travel
Here: a salamander, wielding a halberd The floor.
You can feel time thicken for a moment.
You feel somewhat more hungry.
Cheibriados lowers the support of your attributes as your movement quickens.
You can feel time thicken for a moment.
You are near starving!
You can no longer inflict damage on those overly hasty.
Cheibriados lowers the support of your attributes as your movement quickens.
The salamander hits you from afar with a halberd!
* * * LOW HITPOINT WARNING * * *
You are engulfed in flames.
You resist.
You die...

.'.....+ ≈ ≈#
#8...8# #§≈
≈≈###.§§).###§§≈
§≈§≈≈.....§≈§§§#
§≈§≈≈8§..8§§≈≈##
≈≈§§≈§....§§###
##≈≈§...N.§§#
#≈≈≈8...8§##
####...@.##
#.....# #8...8#
#.....# #.....#
#8...8# #.....#
#.....# #8...8#


You could see a salamander.

Vanquished Creatures
  Gastronok (Lair:1)
  A two-headed ogre (D:8)
  A salamander mystic (Volcano)
  An unseen horror (D:10)
  Pikel (D:3)
  A salamander (Volcano)
  Maurice (D:9)
  Joseph (D:9)
  A komodo dragon (D:10)
  2 trolls
  A merfolk (D:9)
  Grinder (D:3)
  A slime creature (D:6)
  2 wyverns (D:10)
  4 yaks (D:9)
  Grum (D:9)
  A wraith (D:9)
  2 hungry ghosts
  Menkaure (D:6)
  Duvessa (D:5)
  3 orc warriors
  2 sky beasts
  A black bear (D:9)
  A swamp drake (D:10)
  A necrophage (D:7)
  4 ogres
  A slave (D:3)
  2 wolves (D:9)
  A centaur (D:8)
  3 crocodiles (D:10)
  3 big kobolds
  5 bullfrogs
  Blork the orc (D:4)
  6 killer bees (D:9)
  Dowan (D:5)
  A wight (D:4)
  2 howler monkeys
  4 crimson imps
  4 hounds
  4 jellies
  Crazy Yiuf (D:4)
  2 gnoll shamans
  5 orc wizards
  4 orc priests
  A bullfrog skeleton (D:7)
  A centaur skeleton (D:9)
  2 iguanas
  7 worker ants
  4 hound skeletons
  2 howler monkey zombies
  9 gnolls
  11 adders
  2 shadow imps
  5 oozes (D:6)
  An adder skeleton (D:3)
  3 worms
  A dart slug (D:2)
  5 leopard geckos
  28 orcs
  A ball python (D:2)
  7 giant cockroaches
  9 goblins
  10 hobgoblins
  6 jackals
  3 quokkas
  11 bats
  5 frilled lizards
  26 kobolds
  A quokka skeleton (D:9)
  5 rats
  A fungus (Lair:1)
255 creatures vanquished.

Vanquished Creatures (others)
  A slave (D:4)
  An orc wizard (D:4)
  A bat (D:3)
  A quokka skeleton (D:4)
  A rat (D:3)
  6 toadstools (D:6)
11 creatures vanquished.

Grand Total: 266 creatures vanquished

Notes
Turn   | Place    | Note
-------+----------+-------------------------------------------
     0 | D:1      | Monsterracer the Hill Orc Necromancer began the quest for the Orb.
     0 | D:1      | Reached XP level 1. HP: 14/14 MP: 3/3
    22 | D:1      | HP: 4/14 [goblin (4)]
   246 | D:1      | Reached skill level 1 in Fighting
   636 | D:1      | Reached XP level 2. HP: 14/23 MP: 0/4
   640 | D:1      | HP: 11/23 [frilled lizard (3)]
  1020 | D:1      | HP: 9/24 [hobgoblin (5)]
  1399 | D:1      | Reached XP level 3. HP: 25/29 MP: 2/5
  1406 | D:1      | Learned a level 3 spell: Regeneration
  1734 | D:2      | HP: 12/29 [adder (2)]
  1739 | D:2      | HP: 6/29 [poisoned by an adder]
  1741 | D:2      | HP: 2/30 [poisoned by an adder]
  2032 | D:2      | Reached XP level 4. HP: 32/37 MP: 7/7
  2482 | D:2      | Learned a level 3 spell: Vampiric Draining
  2510 | D:2      | HP: 17/37 [orc/flail (6)]
  2935 | D:3      | HP: 16/37 [orc wizard/puff of flame (8)]
  3162 | D:3      | Reached skill level 5 in Necromancy
  3162 | D:3      | Reached XP level 5. HP: 36/45 MP: 3/8
  3166 | D:3      | HP: 20/45 [orc wizard/dagger (6)]
  3171 | D:3      | HP: 7/45 [orc wizard/puff of flame (7)]
  3174 | D:3      | HP: 3/45 [orc wizard/dagger (4)]
  4140 | D:3      | Found a shimmering altar of Xom.
  4440 | D:3      | HP: 19/45 [orc/flail of holy wrath (6)]
  4519 | D:3      | HP: 21/45 [jackal (3)]
  4903 | D:3      | Noticed Grinder
  4918 | D:3      | Killed Grinder
  4918 | D:3      | Reached XP level 6. HP: 35/52 MP: 5/10
  4924 | D:3      | Learned a level 4 spell: Animate Dead
  5135 | D:4      | HP: 24/52 [worker ant (7)]
  5286 | D:4      | Reached XP level 7. HP: 54/60 MP: 7/11
  5381 | D:4      | Noticed Pikel
  5530 | D:3      | HP: 30/60 [orc wizard/magic dart (8)]
  5726 | D:3      | Reached skill level 5 in Fighting
  5866 | D:3      | HP: 28/61 [Pikel/whip of flaming (3)]
  5867 | D:3      | Killed Pikel
  5867 | D:3      | Reached skill level 6 in Axes
  5867 | D:3      | Reached XP level 8. HP: 31/68 MP: 0/12
  6116 | D:4      | HP: 29/68 [worm (10)]
  6184 | D:4      | HP: 34/68 [something/puff of flame (8)]
  6191 | D:4      | HP: 34/68 [something (3)]
  6217 | D:4      | HP: 30/68 [something/puff of flame (6)]
  6705 | D:4      | Reached skill level 7 in Axes
  6791 | D:4      | Found a runed door.
  6921 | D:4      | Noticed Blork the orc
  6929 | D:4      | HP: 31/68 [Blork the orc/puff of frost (8)]
  6930 | D:4      | Killed Blork the orc
  7365 | D:4      | HP: 34/68 [gnoll/halberd (12)]
  7371 | D:4      | HP: 34/68 [gnoll (1)]
  7376 | D:4      | HP: 21/68 [gnoll (7)]
  7382 | D:4      | HP: 18/68 [gnoll (4)]
  7697 | D:4      | Noticed Crazy Yiuf
  7707 | D:4      | Killed Crazy Yiuf
  7813 | D:5      | Entered Level 5 of the Dungeon
  7818 | D:5      | Noticed Duvessa
  7818 | D:5      | Noticed Dowan
  7834 | D:5      | Killed Dowan
  7984 | D:5      | HP: 27/68 [ogre/giant club (12)]
  7993 | D:5      | HP: 28/68 [ogre/giant club (11)]
  7995 | D:5      | Reached skill level 1 in Armour
  8388 | D:4      | Reached skill level 8 in Axes
  8948 | D:5      | HP: 30/69 [Duvessa/short sword (5)]
  8951 | D:5      | HP: 13/69 [Duvessa/short sword (9)]
  8953 | D:5      | Killed Duvessa
  9287 | D:6      | Noticed Menkaure
  9296 | D:6      | Killed Menkaure
  9296 | D:6      | Reached XP level 9. HP: 51/75 MP: 10/13
  9505 | D:6      | Found a staircase to the Ecumenical Temple.
  9585 | Temple   | Entered the Ecumenical Temple
  9828 | Temple   | Became a worshipper of Cheibriados the Contemplative
  9908 | D:6      | Found Tuproum's Antique Weapon Shoppe.
 10362 | D:6      | Reached skill level 9 in Axes
 10362 | D:6      | Reached skill level 1 in Invocations
 10420 | D:6      | Reached * piety under Cheibriados
 10915 | D:7      | Learned a level 3 spell: Conjure Flame
 11281 | D:8      | Found a glowing silver altar of Zin.
 11289 | D:8      | Noticed a two-headed ogre
 11300 | D:8      | HP: 31/78 [two-headed ogre/giant spiked club (12)]
 11302 | D:8      | Killed a two-headed ogre
 11302 | D:8      | Reached skill level 10 in Axes
 11302 | D:8      | Reached XP level 10. HP: 41/87 MP: 7/14
 11569 | D:8      | Reached ** piety under Cheibriados
 11605 | D:8      | Reached skill level 1 in Fire Magic
 11926 | D:8      | Got a steaming spear
 11927 | D:8      | Identified the +9 spear of Ithruony {holy, rF- SInv Stlth+} (You found it on level 8 of the Dungeon)
 12059 | D:9      | Learned a level 1 spell: Flame Tongue
 12234 | D:9      | Noticed Joseph
 12248 | D:9      | Killed Joseph
 12464 | D:9      | Noticed Maurice
 12478 | D:9      | Killed Maurice
 12478 | D:9      | Reached skill level 11 in Axes
 12699 | D:9      | Reached skill level 5 in Armour
 12699 | D:9      | Reached skill level 5 in Invocations
 12937 | D:9      | Reached *** piety under Cheibriados
 13043 | D:9      | Noticed Grum
 13057 | D:9      | Killed Grum
 13221 | D:9      | Reached skill level 1 in Conjurations
 13221 | D:9      | Reached XP level 11. HP: 92/96 MP: 6/15
 13780 | D:10     | Entered Level 10 of the Dungeon
 14089 | D:10     | Found a staircase to the Orcish Mines.
 14245 | D:10     | Reached **** piety under Cheibriados
 14445 | D:10     | Noticed an unseen horror
 14454 | D:10     | Killed an unseen horror
 14593 | D:10     | Reached skill level 10 in Fighting
 14593 | D:10     | Reached skill level 12 in Axes
 14754 | D:10     | Found a staircase to the Lair.
 15058 | Lair:1   | Entered Level 1 of the Lair of Beasts
 15115 | Lair:1   | Noticed Gastronok
 15132 | Lair:1   | HP: 35/99 [Gastronok (34)]
 15136 | Lair:1   | Killed Gastronok
 15257 | Lair:1   | Found a dark tunnel.
 15262 | Volcano  | Entered a volcano
 15278 | Volcano  | Noticed a salamander mystic
 15281 | Volcano  | Noticed a salamander
 15284 | Volcano  | HP: 50/101 [salamander/halberd of flaming (2)]
 15286 | Volcano  | HP: 23/101 [salamander/halberd of flaming (18)]
 15288 | Volcano  | Killed a salamander mystic
 15289 | Volcano  | HP: 10/101 [salamander/halberd of flaming (5)]
 15290 | Volcano  | Killed a salamander
 15292 | Volcano  | Noticed a salamander
 15297 | Volcano  | HP: 4/101 [salamander/halberd (7)]
 15297 | Volcano  | Slain by a salamander

Skill      XL: |  1  2  3  4  5  6  7  8  9 10 11 |
---------------+----------------------------------+-----
Fighting       | 1 2 3 4 5 6 7 9 10 | 10.7
Spellcasting   | 2 3 |  3.2
Necromancy     | 5 6 7 |  7.1
Axes           | 6 8 10 11 12 | 12.6
Armour         | 2 3 5 6 |  6.1
Dodging        | 2 3 4 |  4.9
Invocations    | 3 5 6 |  6.5
Fire Magic     | 3 |  3.0
Conjurations   | 1 3 |  3.0
Stealth        | |  1.5

Action                   |  1- 3 |  4- 6 |  7- 9 | 10-12 || total
-------------------------+-------+-------+-------+-------++-------
Melee: Unarmed           |    34 |       |       |       ||    34
       Dagger            |    16 |       |       |       ||    16
       Whip              |    10 |       |       |       ||    10
       Mace              |    23 |    11 |       |       ||    34
       Rapier            |       |   134 |       |       ||   134
       Flail             |       |    15 |    23 |       ||    38
       Hand axe          |       |       |    98 |       ||    98
       Broad axe         |       |       |   154 |   272 ||   426
       Spear             |       |       |       |     7 ||     7
 Cast: Pain              |    46 |    56 |    79 |    82 ||   263
       Vampiric Draining |       |     5 |    32 |    22 ||    59
       Regeneration      |       |     1 |     4 |     3 ||     8
       Conjure Flame     |       |       |     1 |     8 ||     9
       Flame Tongue      |       |       |       |    14 ||    14
       Animate Dead      |       |       |       |     1 ||     1
Invok: Slouch            |       |       |       |     2 ||     2
  Use: Potion            |     2 |     1 |       |     2 ||     5
       Scroll            |       |     8 |     7 |     7 ||    22
 Stab: Sleeping          |     1 |     2 |     2 |     1 ||     6
  Eat: Chunk             |     3 |    12 |    15 |     9 ||    39
       Fruit             |       |     1 |       |       ||     1
       Meat ration       |       |       |     1 |       ||     1
       Royal jelly       |       |       |     1 |       ||     1
Armor: Robe              |    29 |    24 |    32 |       ||    85
       Leather armour    |       |       |    60 |   133 ||   193
Dodge: Dodged            |    83 |   149 |   193 |   252 ||   677
